 Dungeon Crawl Stone Soup version 0.31-a0-986-g5e6e4ef867 (webtiles) character file.

Game seed: 2253226929180745011

67 LeprechaunX the Changeling (level 4, 0/29 HPs)
             Began as an Octopode Shapeshifter on Nov 9, 2023.
             Killed by divine providence
             ... invoked by an orc priest
              (9 damage)
             ... on level 3 of the Dungeon.
             The game lasted 00:01:55 (1562 turns).

LeprechaunX the Changeling (Octopode Shapeshifter)  Turns: 1562, Time: 00:01:56

Health: 0/29       AC:  5    Str: 13    XL:     4   Next: 18%
Magic:  4/4        EV: 13    Int: 12    God:
Gold:   113        SH:  0    Dex: 13    Spells: 3/3 levels left

rFire   . .          .
                       - Unarmed
rCold   . . .        (no shield)
rNeg    . . .        (helmet currently unavailable)
rPois   .            l - amulet of regeneration
rElec   .            n - +4 ring of protection
rCorr   .            (no ring)
SInv    .            (no ring)
Will    .....        (no ring)
Stlth   ++           (no ring)
HPRegen 1.04/turn    (no ring)
MPRegen 0.09/turn    (no ring)
                     (no ring)

%: no passive effects
@: beast-form
A: beast (slay +2), almost no armour, amphibious, 8 rings, camouflage 1,
gelatinous body 1, (nimble swimmer 1), tentacles
a: Begin Untransformation


You were on level 3 of the Dungeon.
You were a hulking beast.
You visited 1 branch of the dungeon, and saw 3 of its levels.

You collected 113 gold pieces.

Inventory:

Hand Weapons
 p - a +0 sling
Jewellery
 f - an amulet of faith
 l - an amulet of regeneration (around mantle)
 n - a +4 ring of protection (left tentacle)
Talismans
 b - a beast talisman
 c - a flux talisman
Scrolls
 e - a scroll of poison {unknown}
 g - a scroll of enchant weapon {unknown}
 i - a scroll of enchant armour {unknown}
 j - a scroll of torment {unknown}
 k - 2 scrolls of immolation {unknown}
 o - a scroll of teleportation {unknown}
Potions
 a - a potion of lignification
 d - a potion of invisibility {unknown}
 h - a potion of brilliance {unknown}
 m - a potion of berserk rage {unknown}


   Skills:
 + Level 2.0 Fighting
 - Level 2.0 Dodging
 + Level 3.5 Unarmed Combat
 * Level 3.9 Shapeshifting


You had 3 spell levels left.
You didn't know any spells.
Your spell library contained the following spells:

 Spells                   Type           Power      Damage    Failure   Level
 Apportation              Tloc           0%         N/A       32%         1
 Necrotise                Necr           0%         1d4       32%         1
 Summon Small Mammal      Summ           0%         N/A       32%         1


Dungeon Overview and Level Annotations

Branches:
Dungeon (3/15)

Altars:


Innate Abilities, Weirdness & Mutations

You are a hulking beast.
Your limbs bulge with bestial killing power. (Slay +2)
You cannot wear most types of armour.
You are amphibious.
You can wear up to eight rings at the same time.
Your skin changes colour to match your surroundings (Stealth+).
Your rubbery body absorbs attacks. (AC +1, EV +1)
((You are camouflaged when in or above water. (Stealth+)))
You have tentacles for arms and can constrict up to eight enemies at once.


Message History

p - a +0 sling The adder hisses angrily.
The adder closely misses you.
You miss the adder.
The orc shouts!
Your grab misses the adder.
You hear a shout! x2
The adder bites you.
You tentacle-slap the adder. You grab the adder. You squeeze the adder.
The adder is severely wounded.
You constrict the adder. The adder barely misses you.
You tentacle-slap the adder.
You kill the adder!
Your Fighting skill increases to level 2!
You have reached level 4!
The orc barely misses you.
An orc priest comes into view. It is wielding a +0 short sword.
You see here an adder corpse.
You tentacle-slap the orc. Your grab misses the orc.
The orc is severely wounded.
The orc hits you with a +0 whip.
You tentacle-slap the orc but do no damage.
You grab the orc. You squeeze the orc.
You kill the orc!
The orc priest invokes the aid of Beogh against you.
Beogh smites you!
An orc comes into view. It is wielding a +0 falchion.
Things that are here:
a +0 whip; a +0 leather armour An orc priest comes into view.
It is wielding a +0 mace.
The orc priest hits you with a +0 short sword.
A rat comes into view.
You tentacle-slap the orc priest. Your grab misses the orc priest.
You tentacle-slap the orc priest. You squeeze the orc priest!
The orc priest is almost dead.
The orc priest calls down the wrath of Beogh upon you.
Beogh smites you!
The orc priest mumbles some strange prayers to Beogh against you.
Beogh smites you!
You die...

#..# #.. #..# ##..###
#..# ..... #..# #.#.#
#..# ##.#.# #..# #
....# #.<#
....#####.#.# #..#
#...o.oh.)#.## #..#
....o..###†..###.##..#
r#.........#..(..##..#
#.###.###...######..###
# #. ##.##..........
#.####.##.###...###
#..................
.########.##.###...###
.............# #####


You could see 2 orc priests, an orc and a rat.

Vanquished Creatures
  3 adders
  A dart slug (D:2)
  An orc (D:3)
  2 bats
  9 endoplasms
  4 hobgoblins
  A quokka (D:1)
  7 ball pythons
  2 frilled lizards
  A goblin (D:1)
  5 kobolds
  A rat (D:1)
37 creatures vanquished.

Notes
Turn   | Place    | Note
-------+----------+-------------------------------------------
     0 | D:1      | LeprechaunX the Octopode Shapeshifter began the quest for
                  | the Orb.
     0 | D:1      | Reached XP level 1. HP: 13/13 MP: 1/1
    95 | D:1      | Reached XP level 2. HP: 17/18 MP: 2/2
   787 | D:2      | Noticed a great orb of eyes
   788 | D:2      | Noticed a shining eye
   790 | D:2      | Found a faded altar of an unknown god.
   792 | D:2      | Noticed an eye of devastation
   792 | D:2      | Noticed a shining eye
   799 | D:2      | Reached XP level 3. HP: 19/23 MP: 3/3
  1556 | D:3      | Reached XP level 4. HP: 27/29 MP: 4/4
  1562 | D:3      | Killed from afar by an orc priest

Illustrated notes

Levels and vault maps discovered:
D:1:      lemuel_arrival_funnel, layout_loops_ring
D:2:      minmay_recursive_quarters, layout_basic,
          hellmonk_ecumenical_altar_watching_god
D:3:      layout_loops_ring, nicolae_overflow_ecumenical_swirl,
          nicolae_qazlal_general_emergency, nemelex_spade_bored_becter,
          grunt_ministairs_5

Skill      XL: |  1  2  3 |
---------------+----------+-----
Fighting       | 2 |  2.0
Dodging        | |  2.0
Unarmed Combat | |  3.5
Shapeshifting  | |  3.9

Action                     |  1- 3 |  4- 6 || total
---------------------------+-------+-------++-------
  Melee: Unarmed           |    60 |     3 ||    63
         Constrict         |    12 |     1 ||    13
         Punch             |     2 |     1 ||     3
         Tentacles         |    13 |     2 ||    15
   Stab: Sleeping          |    11 |       ||    11
         Distracted        |     1 |       ||     1
 Armour: Skin              |    20 |     2 ||    22
  Dodge: Dodged            |    29 |     1 ||    30

Table legend: (Time is in decaauts)
 A = Elapsed time spent in this place.
 B = Non-inter-level travel time spent in this place.
 C = Inter-level travel time spent in this place.
 D = Time resting spent in this place.
 E = Time spent auto-exploring this place.
 F = Levels seen in this place.
 G = Mean time per level.
                   A        B        C        D        E       F      G
               +--------+--------+--------+--------+--------+-----+--------+
         Total |   1557 |   1467 |     90 |      0 |   1217 |   3 |  519.0 |
       Dungeon |   1557 |   1467 |     90 |      0 |   1217 |   3 |  519.0 |
               +--------+--------+--------+--------+--------+-----+--------+

Top non-repeatable levels by time:
     D:2: 764 daAuts
     D:1: 752 daAuts
     D:3: 40 daAuts
